 Dungeon Crawl Stone Soup version 0.31-a0-819-gf6de2f5ab6 (webtiles) character file.

Game seed: 13801118314967332340

102 qw the Shooter (level 4, -15/28 HPs)
             Began as a Gargoyle Hunter on Sept 23, 2023.
             Demolished by an ogre
             ... wielding a +0 giant club
              (19 damage)
             ... on level 3 of the Dungeon.
             The game lasted 00:00:47 (1667 turns).

qw the Shooter (Gargoyle Hunter)                    Turns: 1667, Time: 00:00:47

Health: -15/28     AC:  9    Str: 15    XL:     4   Next: 77%
Magic:  4/4        EV: 11    Int:  9    God:
Gold:   88         SH:  0    Dex: 15    Spells: 3/3 levels left

rFire   + . .        Y - +0 shortbow
rCold   . . .        (shield currently unavailable)
rNeg    + . .        c - +0 leather armour
rPois   inf          b - +2 helmet
rElec   +            (no cloak)
rCorr   +            (no gloves)
SInv    .            (no boots)
Will    .....        (no amulet)
Stlth   ++           f - ring of resist corrosion
HPRegen 0.24/turn    d - ring of protection from fire
MPRegen 0.09/turn

%: no passive effects
@: no status effects
A: sickness immunity, AC +3, negative energy resistance 1, electricity
resistance, torment resistance 1, petrification resistance
a: no special abilities


You were on level 3 of the Dungeon.
You visited 1 branch of the dungeon, and saw 3 of its levels.

You collected 88 gold pieces.


Innate Abilities, Weirdness & Mutations

You are immune to sickness and miasma.
Your stone body is resilient. (AC +3)
You are immune to poison.
You resist negative energy. (rN+)
You are resistant to electric shocks. (rElec)
You are resistant to unholy torment.
You are immune to petrification.


   Skills:
 - Level 3.1 Fighting
 + Level 5.6 Ranged Weapons
 - Level 1.5 Dodging
 - Level 1.1 Stealth


You had 3 spell levels left.
You didn't know any spells.
Your spell library was empty.

Inventory:

Hand Weapons
 Y - a +0 shortbow (weapon)
Armour
 b - a +2 helmet (worn)
 c - a +0 leather armour (worn)
Jewellery
 d - a ring of protection from fire (right hand)
 f - a ring of resist corrosion (left hand)
Scrolls
 e - a scroll of identify
Potions
 g - a potion of might
 i - a potion of curing {unknown}

Dungeon Overview and Level Annotations

Branches:
Dungeon (3/15)

Altars:


Message History

There is a stone staircase leading up here.
You see here a jackal corpse.
You see here a jackal corpse.
There is an escape hatch in the ceiling here.
A quokka comes into view.
You shoot an arrow. The arrow hits the quokka!
You kill the quokka!
An ogre and a ball python come into view.
Found a stone staircase leading up.
The ogre shouts!
You shoot an arrow. The arrow hits the ogre!
The ogre is moderately wounded.
You shoot an arrow.
The arrow closely misses the ball python.
A hobgoblin comes into view.
You shoot an arrow. The arrow hits the hobgoblin.
The hobgoblin is moderately wounded.
You shoot an arrow. The arrow hits the hobgoblin.
You kill the hobgoblin!
The ball python bites you but does no damage.
The ball python closely misses you.
You shoot an arrow. The arrow hits the ball python.
You kill the ball python!
Found a chain mail.
You see here a ball python corpse.
You shoot an arrow. The arrow hits the ogre!
The ogre is severely wounded.
The ogre hits you with a +0 giant club!
You shoot an arrow.
The arrow hits the ogre but does no damage.
The ogre is severely wounded.
You shoot an arrow. The arrow hits the ogre.
The ogre is severely wounded.
The ogre hits you with a +0 giant club!
Ouch! That really hurt!
You shoot an arrow. The arrow hits the ogre!
The ogre is almost dead.
The ogre hits you with a +0 giant club!!
Ouch! That really hurt!
You die...

############
#.........<#
#..........#
#..........#
#..........#
#........[.#
#...O......# #@#
#.######.
##........
###..####### #...<#
......##.##
.#######..###
...........#######.
########.#.........


You could see an ogre.

Vanquished Creatures
  Terence (D:2)
  3 gnolls (D:2)
  A dart slug (D:1)
  An endoplasm (D:1)
  2 giant cockroaches
  3 goblins
  5 hobgoblins
  3 jackals (D:3)
  3 kobolds (D:1)
  2 quokkas
  8 ball pythons
  4 bats
  3 frilled lizards
  6 rats
45 creatures vanquished.

Notes
Turn   | Place    | Note
-------+----------+-------------------------------------------
     0 | D:1      | qw the Gargoyle Hunter began the quest for the Orb.
     0 | D:1      | Reached XP level 1. HP: 12/12 MP: 1/1
     0 | D:1      | 0 ||| qw: Version: 0.3-a-83-gcd0e7d8
     0 | D:1      | 0 ||| qw: Game counter: 1648
     0 | D:1      | 0 ||| qw: Melee chars always use a shield: true
     0 | D:1      | 0 ||| qw: God list: Okawaru
     0 | D:1      | 0 ||| qw: Allow faded altars: false
     0 | D:1      | 0 ||| qw: Do Orc after clearing Dungeon:15 true
     0 | D:1      | 0 ||| qw: Do second Lair branch before Depths: true
     0 | D:1      | 0 ||| qw: Lair rune preference: random
     0 | D:1      | 0 ||| qw: Goals: Normal
     0 | D:1      | 0 ||| PLANNING D:1-11
   141 | D:1      | Reached XP level 2. HP: 14/17 MP: 2/2
   637 | D:1      | 637 ||| UPGRADING to ring of resist corrosion.
   638 | D:1      | 638 ||| READING scroll labelled OKKAIMA YNIA.
   639 | D:1      | 639 ||| READING 3 scrolls labelled CADWOSS OLEO.
   652 | D:1      | 652 ||| READING scroll labelled BETU QYCSOSED.
   653 | D:1      | 653 ||| DROPPING scroll of butterflies.
   654 | D:1      | 654 ||| DROPPING 2 scrolls of noise.
   699 | D:2      | Reached XP level 3. HP: 21/21 MP: 3/3
   769 | D:2      | Reached skill level 5 in Ranged Weapons
   793 | D:2      | Noticed Terence
   801 | D:2      | Killed Terence
   802 | D:2      | Reached skill level 3 in Fighting
   867 | D:2      | 867 ||| RETREEAATING.
   868 | D:2      | 868 ||| STILL RETREEAATING.
   872 | D:2      | Reached XP level 4. HP: 26/28 MP: 4/4
   874 | D:2      | 874 ||| FLEEEEING.
   875 | D:2      | 875 ||| FLEEEEING.
   876 | D:2      | 876 ||| FLEEEEING.
   878 | D:2      | 878 ||| FLEEEEING.
   879 | D:2      | 879 ||| FLEEEEING.
   880 | D:2      | 880 ||| FLEEEEING.
   882 | D:2      | 882 ||| FLEEEEING.
   883 | D:2      | 883 ||| FLEEEEING.
   885 | D:2      | 885 ||| FLEEEEING.
   886 | D:2      | 886 ||| FLEEEEING.
   889 | D:2      | 889 ||| FLEEEEING.
   890 | D:2      | 890 ||| FLEEEEING.
   891 | D:2      | 891 ||| FLEEEEING.
   892 | D:2      | 892 ||| FLEEEEING.
   893 | D:2      | 893 ||| FLEEEEING.
   894 | D:2      | 894 ||| FLEEEEING.
   896 | D:2      | 896 ||| FLEEEEING.
   897 | D:2      | 897 ||| FLEEEEING.
   898 | D:2      | 898 ||| FLEEEEING.
   899 | D:2      | 899 ||| FLEEEEING.
   900 | D:2      | 900 ||| FLEEEEING.
   901 | D:2      | 901 ||| FLEEEEING.
   902 | D:2      | 902 ||| FLEEEEING.
   903 | D:2      | 903 ||| FLEEEEING.
   904 | D:2      | 904 ||| FLEEEEING.
   905 | D:2      | 905 ||| FLEEEEING.
   906 | D:2      | 906 ||| FLEEEEING.
   907 | D:2      | 907 ||| FLEEEEING.
   908 | D:2      | 908 ||| FLEEEEING.
   909 | D:2      | 909 ||| FLEEEEING.
   910 | D:2      | 910 ||| FLEEEEING.
   911 | D:2      | 911 ||| STAIRDANCE
   920 | D:1      | 920 ||| UPGRADING to +2 helmet.
   925 | D:1      | 925 ||| READING scroll labelled PUENTE TEKHILLOA.
   926 | D:1      | 926 ||| READING scroll labelled MYCERRIUHO.
   934 | D:2      | 934 ||| STAIRDANCE
  1529 | D:2      | 1529 ||| DROPPING scarf of shadows.
  1530 | D:2      | 1530 ||| UPGRADING to ring of protection from fire.
  1531 | D:2      | 1531 ||| READING 2 scrolls of identify.
  1531 | D:2      | 1531 ||| IDENTIFYING bubbling yellow potion
  1570 | D:3      | 1570 ||| STAIRDANCE
  1657 | D:3      | Noticed an ogre
  1666 | D:3      | HP: 3/28 [ogre/+0 giant club (15)]
  1667 | D:3      | Demolished by an ogre

Levels and vault maps discovered:
D:1:      sevenhm_arrival_forest_fort_small_5, layout_basic
D:2:      layout_basic, serial_curves, eino_curves_02, eino_curves_03,
          uniq_terence
D:3:      layout_rooms, nicolae_vehumet_radiance, uniq_jessica

Skill      XL: |  1  2  3 |
---------------+----------+-----
Ranged Weapons | 5 |  5.6
Fighting       | 3 |  3.1
Dodging        | |  1.5
Stealth        | |  1.1

Action                     |  1- 3 |  4- 6 || total
---------------------------+-------+-------++-------
   Fire: Shortbow          |    91 |    64 ||   155
    Use: Scroll            |     3 |     3 ||     6
 Armour: Leather armour    |    18 |    48 ||    66
  Dodge: Dodged            |    15 |    35 ||    50

Table legend:
 A = Non-vault XP
 B = Vault XP
 C = Vault XP percentage of total XP
 D = Non-vault monster count
 E = Vault monster count
 F = Vault count percentage of total count
                 A         B        C        D         E       F
            +---------+---------+-------+---------+---------+-------
      Total |     110 |      36 |  24.7 |      44 |       1 |   2.2
            +---------+---------+-------+---------+---------+-------
        D:1 |      33 |       0 |   0.0 |      20 |       0 |   0.0
        D:2 |      63 |      36 |  36.4 |      16 |       1 |   5.9
        D:3 |      14 |       0 |   0.0 |       8 |       0 |   0.0
            +---------+---------+-------+---------+---------+-------
